 Dungeon Crawl Stone Soup version 0.21.1-1-g345015f (webtiles) character file.

128 Fang the Skirmisher (level 5, -5/33 HPs)
             Began as a Gargoyle Berserker on Apr 27, 2018.
             Was a Believer of Trog.
             Slain by Sigmund
             ... wielding a +1 scythe of flaming
              (7 damage)
             ... on level 3 of the Dungeon.
             The game lasted 00:04:03 (2204 turns).

Fang the Skirmisher (Gargoyle Berserker)            Turns: 2204, Time: 00:04:03

Health: -5/33      AC:  8    Str: 21    XL:     5   Next: 11%
Magic:  5/5        EV: 12    Int:  8    God:    Trog [**....]
Gold:   117        SH:  0    Dex:  9    Spells: 4/4 levels left

rFire    x . .     SeeInvis .   a - +2 hand axe
rCold    + . .     Gourm    .   (no shield)
rNeg     + . .     Faith    .   b - +0 animal skin
rPois    ∞         Spirit   .   (no helmet)
rElec    +         Reflect  .   (no cloak)
rCorr    .         Harm     +   (no gloves)
MR       .....                  (no boots)
Stlth    +.........             l - amulet of harm
HPRegen  0.11/turn              n - ring of ice
MPRegen  0.09/turn              h - +2 ring of protection

@: confused, berserk cooldown, slowed, very slow
A: negative energy resistance 1, electricity resistance, unbreathing,
petrification resistance, rot immunity, AC +4
a: Berserk, Trog's Hand, Burn Spellbooks, Renounce Religion


You were on level 3 of the Dungeon.
You worshipped Trog.
Trog was pleased with you.
You were very hungry.

You visited 1 branch of the dungeon, and saw 3 of its levels.

You collected 117 gold pieces.

Inventory:

Hand Weapons
 a - a +2 hand axe (weapon)
Armour
 b - a +0 animal skin (worn)
Jewellery
 h - a +2 ring of protection (right hand)
 l - an amulet of harm (around neck)
 n - a ring of ice (left hand)
Scrolls
 f - a scroll of magic mapping {unknown}
 g - a scroll of remove curse
 k - 3 scrolls of teleportation
Potions
 d - 3 potions of lignification
 e - 2 potions of cancellation
 i - a potion of flight
 m - a potion of berserk rage
Comestibles
 c - 9 rations


   Skills:
 + Level 4.1 Fighting
 + Level 3.9 Axes
 + Level 2.4 Armour
 + Level 2.5 Dodging
 + Level 0.2 Stealth


You had 4 spell levels left.
You didn't know any spells.

Dungeon Overview and Level Annotations

Branches:
Dungeon (3/15)

Altars:

Annotations:
D:3 Sigmund


Innate Abilities, Weirdness & Mutations

You are resistant to torment.
Your stone body is resilient. (AC +4)
You are immune to poison.
You resist negative energy. (rN+)
You are resistant to electric shocks. (rElec)
You can survive without breathing.
You are immune to petrification.
You are immune to rotting.


Message History

You are confused.
Unknown command.
You are too confused!
The orc priest looks encouraged for a moment.
Something hits you. Something burns you.
You see here a giant cockroach corpse.
You barely miss something. You slash the orc priest! You hit something.
You barely miss the orc priest. The orc priest misses you. Something hits you!
Something burns you.
* * * LOW HITPOINT WARNING * * *
Unknown command.
You bump into the rock wall.
You feel a strong urge to attack something.
The orc priest closely misses you.
You are no longer berserk.
You are exhausted.
You feel yourself slow down. Something hits you!
* * * LOW HITPOINT WARNING * * *
Something burns you.
You die...

###..# #.##.#
.....####....#
#.......#..#
#######....#
#...#.#.#
#.###....#
##!#.#
####...#
#..o@#.#
#.{.##.#
#....?# #
#.#..## # #..
... (#.. #.#..


You could see an orc priest.

Vanquished Creatures
  An orc wizard (D:3)
  Robin (D:2)
  An adder (D:3)
  A worm (D:2)
  4 dart slugs
  A leopard gecko (D:2)
  4 orcs (D:3)
  2 giant cockroaches
  10 goblins
  13 hobgoblins
  7 jackals
  4 bats
  2 frilled lizards
  8 kobolds
  3 rats
62 creatures vanquished.

Notes
Turn   | Place    | Note
-------+----------+-------------------------------------------
     0 | D:1      | Fang the Gargoyle Berserker began the quest for the Orb.
     0 | D:1      | Reached XP level 1. HP: 14/14 MP: 1/1
    93 | D:1      | Reached XP level 2. HP: 2/19 MP: 2/2
   566 | D:1      | Reached XP level 3. HP: 24/24 MP: 3/3
   984 | D:2      | Noticed Robin
   996 | D:2      | Killed Robin
   997 | D:2      | Reached ** piety under Trog
  1341 | D:2      | Reached XP level 4. HP: 29/29 MP: 4/4
  1951 | D:3      | Reached skill level 4 in Fighting
  2188 | D:3      | Noticed Sigmund
  2197 | D:3      | Reached XP level 5. HP: 28/33 MP: 5/5
  2204 | D:3      | Slain by Sigmund

Skill      XL: |  1  2  3  4 |
---------------+-------------+-----
Axes           | 3 |  3.9
Dodging        | 2 |  2.5
Fighting       | 4 |  4.1
Armour         | |  2.4
Stealth        | |  0.2

Action                   |  1- 3 |  4- 6 || total
-------------------------+-------+-------++-------
Melee: Hand axe          |   119 |    62 ||   181
Invok: Berserk           |     1 |     1 ||     2
  Use: Scroll            |     6 |     5 ||    11
  Eat: Chunk             |     2 |     3 ||     5
Armor: Animal skin       |    37 |    15 ||    52
Dodge: Dodged            |    96 |    46 ||   142
